 Dungeon Sprint DCSS version 0.21-a0-361-g4efd3f9 (webtiles) character file.

14322 Kidiri the Warrior (level 11, -15/117 HPs)
             Began as a Pale Draconian Berserker on Oct 13, 2017.
             Was a High Priest of Trog.
             Killed from afar by a golden dragon (29 damage)
             ... with a bolt of cold
             ... in the Dungeon (Sprint VII: "The Pits").
             The game lasted 00:14:00 (3591 turns).

Kidiri the Warrior (Pale Draconian Berserker)       Turns: 3591, Time: 00:14:01

Health: -15/117    AC:  8    Str: 26    XL:     11   Next: 87%
Magic:  11/11      EV: 22    Int:  8    God:    Trog [*****.]
Gold:   80         SH:  0    Dex: 14    Spells: 10/10 levels left

rFire    . . .     SeeInvis .   a - +5 great mace "Utobrasu" {flame, Str+3}
rCold    + . .     Gourm    .   (shield currently unavailable)
rNeg     . . .     Faith    .   (armour unavailable)
rPois    .         Spirit   .   (helmet restricted)
rElec    .         Reflect  .   (no cloak)
rCorr    .         Harm     .   p - +0 pair of gloves
MR       .....     NoTele   +   (no boots)
Stlth    +.........             (no amulet)
HPRegen  0.29/turn              q - +3 ring of dexterity
MPRegen  0.12/turn              r - +3 ring of strength

@: no status effects
A: breathe steam, unfitting armour, cold resistance 1, weak 1, cold-blooded, AC
+7
a: Breathe Steam, Berserk, Trog's Hand, Brothers in Arms, Burn Spellbooks,
Renounce Religion


You were in the Dungeon.
You worshipped Trog.
Trog was extremely pleased with you.
You were hungry.

You visited 1 branch You collected 80 gold pieces.

Inventory:

Hand Weapons
 a - the +5 great mace "Utobrasu" (weapon) {flame, Str+3}
   (Trog gifted it to you in the Dungeon)

   It has been specially enchanted to burn those struck by it, causing extra
   injury to most foes and up to half again as much damage against particularly
   susceptible opponents.
   It affects your strength (+3).
 G - a +7 antimagic lajatang
Missiles
 n - a throwing net
 o - 7 javelins of penetration (quivered)
 t - 15 silver javelins
 u - 4 steel javelins
 v - 8 javelins of returning
 y - 7 poisoned javelins
Armour
 p - a +0 pair of gloves (worn)
Jewellery
 q - a +3 ring of dexterity (left hand)
 r - a +3 ring of strength (right hand)
 w - an uncursed ring of protection from cold
Wands
 K - a wand of lightning (7/15)
Scrolls
 h - 2 scrolls of blinking
 j - 5 scrolls of remove curse
 k - a scroll of summoning
 x - a scroll of identify
 z - a scroll of fog
 B - 4 scrolls of enchant weapon
 C - 2 scrolls of enchant armour
 D - a scroll of fear
Potions
 c - 13 potions of curing
 d - 10 potions of heal wounds
 e - a potion of haste
 f - 4 potions of magic
 g - 4 potions of berserk rage
 i - 2 potions of invisibility
 s - 2 potions of agility
Comestibles
 b - 8 bread rations
 l - 28 fruits
 m - 9 meat rations
 A - 2 chunks of flesh


   Skills:
 * Level 17.1 Fighting
 * Level 15.9 Maces & Flails
 + Level 10.8 Throwing
 * Level 14.6 Dodging


You had 10 spell levels left.
You didn't know any spells.

Dungeon Overview and Level Annotations

Branches:
Dungeon (1/1)

Altars:
Ashenzari
Cheibriados
Dithmenos
Elyvilon
Fedhas
Gozag
Hepliaklqana
Kikubaaqudgha
Makhleb
Nemelex Xobeh
Okawaru
Qazlal
Ru
Sif Muna
Trog
Uskayaw
Vehumet
Wu Jian
Xom
Yredelemnul
Zin
The Shining One
Beogh
Jiyva
Lugonu

Annotations:
D exclusion: 28 doors


Innate Abilities, Weirdness & Mutations

You can breathe blasts of scalding, opaque steam.
Your pale cyan-grey scales are hard. (AC +7)
You cannot fit into any form of body armour.
You are cold-blooded and may be slowed by cold attacks.
Your flesh is cold resistant. (rC+)
You are weak. (Str -2)


Message History

A golden dragon and an iron troll come into view.
What are your orders? t - Shout!
Orders for allies: a - Attack new target. r - Retreat! s - Stop attacking. g - Guard the area. f - Follow me.
Anything else - Cancel.
Gang up on whom?
Press: ? - help, Dir - move target cursor, f - hell beast
Aim: a hell beast (severely wounded, hasn't noticed you) Attack!
Your stone giant hits the hell beast!!
The hell beast dies!
Trog accepts your kill.
Your stone giant hits the golden dragon!!
The golden dragon breathes cold at you. The bolt of cold hits your stone giant.
Your stone giant dies!
Your stone giant's corpse disappears in a puff of smoke!
The bolt of cold hits you! You resist.
You die...

*****..#....#..#*,,..#**,,,,,,,,,
,,,++..........#*,...#,,,,*,,,,,,
,,,++..........#*Ti..#,,,,*,,,,,,
*,,**..#....#..##.....,,***,,,,,,
*,,**..........'§.....,,,,,,,,,,,
*,,**..........T§§....,,,,,,,,,,,
*,,**##++####T)#######***********
*,,****++***#'D##################
*,,**,,,,,,*#..§@................
*,,**,*+**,*#......(............)
,,,**,*,,+,*#..##############++##
,,,**,+,,*,*#..#,,+,,,+,,*,,,,,,,
*****,*,,+,*#..#,,*,,,*,,*,,,,,,,
####*,+,,*,*#..#***,,,*******,,**
#..#*,**+*,*#..#,,,,,,,,,*,,,,,,,
#..#*,,,,,,*#..#,,,,,,,,,,,,,,,,,
'..#********#..#,,,,,,,,,*,,,,,,,


You could see a golden dragon and an iron troll.

Vanquished Creatures
  A merfolk impaler (D)
  Harold (D)
  A two-headed ogre (D)
  A sea snake (D)
  A swamp dragon (D)
  A phantasmal warrior (D)
  A manticore (D)
  A rust devil (D)
  A gargoyle (D)
  A kobold demonologist (D)
  A freezing wraith (D)
  2 merfolk (D)
  A bog body (D)
  A jumping spider (D)
  A hippogriff (D)
  A snapping turtle (D)
  3 blink frogs (D)
  A flying skull (D)
  A tarantella (D)
  A wraith (D)
  2 redbacks (D)
  A fire elemental (D)
  A fire bat (D)
  2 vampire mosquitoes (D)
  A soldier ant (D)
  A sky beast (D)
  2 phantoms (D)
  2 eyes of draining (D)
  An ogre (D)
  A centaur (D)
  11 wolves (D)
  A crocodile (D)
  A big kobold (D)
  A gnoll sergeant (D)
  A killer bee (D)
  A wight (D)
  A hound (D)
  A jelly (D)
  An iron imp (D)
  A gnoll (D)
  2 river rats (D)
  An ufetubus (D)
  An adder skeleton (D)
  An orc (D)
  A bat skeleton (D)
  2 giant cockroaches (D)
  A goblin (D)
  A hobgoblin (D)
  A jackal (D)
  3 kobolds (D)
  2 quokkas (D)
  A frilled lizard (D)
74 creatures vanquished.

Vanquished Creatures (collateral kills)
  A frost giant (D)
  A hell beast (D)
  A spriggan air mage (D)
  A death yak (D)
  Sonja (D)
  A spriggan druid (D)
  A lindwurm (D)
  A deep elf mage (D)
  A cyclops (D)
  Joseph (D)
  A naga mage (D)
  A black mamba (D)
  A polar bear (D)
  2 redbacks (D)
  A basilisk (D)
  3 nagas (D)
  An ice beast (D)
  A necrophage (D)
  An eye of draining (D)
  4 wights (D)
  A crimson imp (D)
  A worker ant (D)
  A giant cockroach (D)
  A jackal (D)
  2 kobolds (D)
  A ball python (D)
33 creatures vanquished.

Vanquished Creatures (others)
  A jackal (D)
1 creature vanquished.

Grand Total: 108 creatures vanquished

Notes
Turn   | Place    | Note
-------+----------+-------------------------------------------
     0 | D        | Kidiri the Draconian Berserker began the quest for the Orb.
     0 | D        | Reached XP level 1. HP: 19/19 MP: 1/1
    47 | D        | Found a bloodstained altar of Trog.
    47 | D        | Found a deep blue altar of Sif Muna.
    47 | D        | Found a viscous altar of Jiyva.
    47 | D        | Found a hazy altar of Hepliaklqana.
    47 | D        | Found an opulent altar of Gozag.
    48 | D        | Found a glowing golden altar of the Shining One.
    48 | D        | Found a glowing silver altar of Zin.
    48 | D        | Found a basalt altar of Yredelemnul.
    48 | D        | Found a shimmering altar of Xom.
    48 | D        | Found an ornate altar of the Wu Jian Council.
    48 | D        | Found a sacrificial altar of Ru.
    48 | D        | Found a stormy altar of Qazlal.
    48 | D        | Found an iron altar of Okawaru.
    48 | D        | Found a sparkling altar of Nemelex Xobeh.
    48 | D        | Found a burning altar of Makhleb.
    48 | D        | Found a blossoming altar of Fedhas.
    48 | D        | Found a white marble altar of Elyvilon.
    48 | D        | Found a shadowy altar of Dithmenos.
    48 | D        | Found a snail-covered altar of Cheibriados.
    50 | D        | Found a radiant altar of Vehumet.
    50 | D        | Found a corrupted altar of Lugonu.
    50 | D        | Found a roughly hewn altar of Beogh.
    51 | D        | Found a hide-covered altar of Uskayaw.
    51 | D        | Found an ancient bone altar of Kikubaaqudgha.
    51 | D        | Found a shattered altar of Ashenzari.
    69 | D        | Reached ** piety under Trog
    89 | D        | Reached skill level 4 in Fighting
    89 | D        | Reached skill level 1 in Throwing
    89 | D        | Reached XP level 2. HP: 7/27 MP: 2/2
   330 | D        | Reached *** piety under Trog
   468 | D        | Reached XP level 3. HP: 34/34 MP: 3/3
   472 | D        | Reached skill level 5 in Fighting
   551 | D        | Noticed a phantom
   749 | D        | Killed a phantom
   749 | D        | Reached **** piety under Trog
   749 | D        | Reached skill level 6 in Fighting
   749 | D        | Reached skill level 5 in Dodging
   749 | D        | Reached XP level 4. HP: 18/45 MP: 4/4
   958 | D        | Noticed a sky beast
   959 | D        | Noticed a centaur
   960 | D        | Noticed a fire bat
   968 | D        | Killed a fire bat
   968 | D        | Reached skill level 7 in Fighting
   968 | D        | Reached XP level 5. HP: 8/53 MP: 5/5
   968 | D        | Reached XP level 6. HP: 9/61 MP: 6/6
   970 | D        | Killed a sky beast
   970 | D        | Reached skill level 8 in Fighting
   971 | D        | HP: 2/93 [centaur (5)]
   973 | D        | Reached skill level 9 in Fighting
   980 | D        | Gained mutation: Your spells are a little harder to cast, but a little more powerful. [mutagenic meat]
   982 | D        | Gained mutation: Your natural rate of healing is unusually fast. [mutagenic meat]
   983 | D        | Gained mutation: You have sharp fingernails. [mutagenic meat]
   984 | D        | Gained mutation: You tend to lose your temper in combat. [mutagenic meat]
  1076 | D        | Noticed a flying skull
  1085 | D        | Killed a flying skull
  1085 | D        | Reached ***** piety under Trog
  1085 | D        | Reached skill level 5 in Throwing
  1085 | D        | Your scales start taking on a pale cyan-grey colour.
  1085 | D        | Reached XP level 7. HP: 71/71 MP: 7/7
  1147 | D        | Noticed a two-headed ogre
  1152 | D        | Killed a two-headed ogre
  1152 | D        | Received a gift from Trog
  1152 | D        | Reached skill level 11 in Fighting
  1152 | D        | Reached skill level 10 in Maces & Flails
  1152 | D        | Reached XP level 8. HP: 63/82 MP: 8/8
  1211 | D        | Received a gift from Trog
  1262 | D        | Noticed a deep elf mage
  1269 | D        | Killed a deep elf mage
  1269 | D        | Reached skill level 10 in Dodging
  1346 | D        | Lost mutation: Your spells are a little harder to cast, but a little more powerful. [potion of mutation]
  1346 | D        | Lost mutation: You tend to lose your temper in combat. [potion of mutation]
  1346 | D        | Gained mutation: You can translocate small distances at will. [potion of mutation]
  1346 | D        | Gained mutation: You are robust. (+10% HP) [potion of mutation]
  1346 | D        | Gained mutation: You have very sharp teeth. [potion of mutation]
  1430 | D        | Noticed a phantasmal warrior
  1430 | D        | Noticed a gargoyle
  1437 | D        | Killed a gargoyle
  1437 | D        | Reached skill level 12 in Fighting
  1437 | D        | Reached XP level 9. HP: 99/99 MP: 9/9
  1442 | D        | Killed a phantasmal warrior
  1474 | D        | Reached skill level 13 in Fighting
  1604 | D        | Received a gift from Trog
  1621 | D        | Received a gift from Trog
  1681 | D        | Received a gift from Trog
  1802 | D        | Noticed a jumping spider
  1806 | D        | Killed a jumping spider
  1806 | D        | Received a gift from Trog
  1806 | D        | Reached XP level 10. HP: 112/112 MP: 10/10
  1812 | D        | Got a brightly glowing great mace {god gift}
  1813 | D        | Identified the +5 great mace "Utobrasu" {flame, Str+3} (Trog gifted it to you in the Dungeon)
  1936 | D        | Reached skill level 14 in Fighting
  1997 | D        | Noticed a cyclops
  1997 | D        | Noticed a lindwurm
  1999 | D        | Noticed a death yak
  2000 | D        | Noticed a spriggan druid
  2003 | D        | Noticed a swamp dragon
  2004 | D        | Noticed a sixfirhy
  2006 | D        | Noticed a smoke demon
  2006 | D        | Received a gift from Trog
  2007 | D        | Reached ****** piety under Trog
  2011 | D        | Received a gift from Trog
  2021 | D        | Killed a death yak
  2021 | D        | Received a gift from Trog
  2027 | D        | Killed a lindwurm
  2030 | D        | Killed a cyclops
  2032 | D        | Killed a spriggan druid
  2032 | D        | Reached skill level 15 in Fighting
  2033 | D        | Received a gift from Trog
  2036 | D        | Killed a swamp dragon
  2038 | D        | HP: 5/115 [something (8)]
  2038 | D        | HP: 1/115 [poison (poison gas)]
  2042 | D        | Received a gift from Trog
  2175 | D        | Received a gift from Trog
  2176 | D        | Noticed Sonja
  2176 | D        | Received a gift from Trog
  2177 | D        | Noticed a black mamba
  2179 | D        | Received a gift from Trog
  2179 | D        | Received a gift from Trog
  2180 | D        | Noticed Joseph
  2181 | D        | Received a gift from Trog
  2181 | D        | Killed a black mamba
  2181 | D        | Received a gift from Trog
  2181 | D        | Reached XP level 11. HP: 123/123 MP: 5/11
  2184 | D        | Killed Sonja
  2185 | D        | Killed Joseph
  2366 | D        | Lost mutation: Your natural rate of healing is unusually fast. [potion of mutation]
  2366 | D        | Lost mutation: You are robust. (+10% HP) [potion of mutation]
  2366 | D        | Gained mutation: You are somewhat resistant to further mutation. [potion of mutation]
  2367 | D        | Lost mutation: You can translocate small distances at will. [potion of mutation]
  2367 | D        | Lost mutation: You are somewhat resistant to further mutation. [potion of mutation]
  2367 | D        | Lost mutation: You have sharp fingernails. [potion of mutation]
  2367 | D        | Gained mutation: Your tail ends in a poisonous barb. [potion of mutation]
  2367 | D        | Gained mutation: Your flesh is heat resistant. (rF+) [potion of mutation]
  2368 | D        | Lost mutation: Your tail ends in a poisonous barb. [potion of mutation]
  2368 | D        | Lost mutation: Your flesh is heat resistant. (rF+) [potion of mutation]
  2368 | D        | Lost mutation: You have very sharp teeth. [potion of mutation]
  2368 | D        | Gained mutation: You are somewhat resistant to further mutation. [potion of mutation]
  2369 | D        | Lost mutation: You are somewhat resistant to further mutation. [potion of mutation]
  2369 | D        | Gained mutation: You are weak. (Str -2) [potion of mutation]
  2369 | D        | Gained mutation: Your flesh is cold resistant. (rC+) [potion of mutation]
  2544 | D        | Received a gift from Trog
  2596 | D        | Received a gift from Trog
  2610 | D        | Received a gift from Trog
  2778 | D        | Reached skill level 10 in Throwing
  2997 | D        | Received a gift from Trog
  2997 | D        | Reached skill level 16 in Fighting
  3019 | D        | Noticed a merfolk impaler
  3020 | D        | Noticed a sea snake
  3027 | D        | Killed a merfolk impaler
  3027 | D        | Received a gift from Trog
  3027 | D        | Reached skill level 15 in Maces & Flails
  3029 | D        | Killed a sea snake
  3350 | D        | Noticed Harold
  3359 | D        | Received a gift from Trog
  3366 | D        | Killed Harold
  3366 | D        | Received a gift from Trog
  3570 | D        | Noticed a frost giant
  3571 | D        | Noticed a spriggan air mage
  3577 | D        | Noticed an iron troll
  3583 | D        | Killed a frost giant
  3589 | D        | Noticed a hell beast
  3590 | D        | Killed a spriggan air mage
  3590 | D        | Reached skill level 17 in Fighting
  3591 | D        | Noticed a golden dragon
  3591 | D        | Noticed an iron troll
  3591 | D        | Killed a hell beast
  3591 | D        | Killed from afar by a golden dragon

Vault maps used:
D:        pitsprint

Skill      XL: |  1  2  3  4  5  6  7  8  9 10 11 |
---------------+----------------------------------+-----
Dodging        | 3 5 6 8 9 10 11 13 14 | 14.6
Fighting       | 4 6 7 9 11 12 13 15 17 | 17.1
Throwing       | 1 3 4 5 6 7 8 9 10 | 10.8
Maces & Flails | 4 6 7 8 10 11 12 14 15 | 15.9

Action                   |  1- 3 |  4- 6 |  7- 9 | 10-12 || total
-------------------------+-------+-------+-------+-------++-------
Melee: Mace              |    53 |    13 |    21 |       ||    87
       Tailslap          |     4 |     4 |    11 |    21 ||    40
       Morningstar       |       |       |    53 |     3 ||    56
       Bite              |       |       |     4 |    11 ||    15
       Great mace        |       |       |       |    88 ||    88
Throw: Javelin           |       |       |     5 |     2 ||     7
Invok: Berserk           |     4 |     2 |     5 |     2 ||    13
       Brothers in Arms  |       |       |     3 |     9 ||    12
 Abil: Breathe Steam     |       |       |     1 |     3 ||     4
  Use: Potion            |     1 |       |     1 |     7 ||     9
       Scroll            |       |       |       |     1 ||     1
  Eat: Chunk             |     2 |     5 |     1 |    11 ||    19
       Fruit             |       |    12 |       |       ||    12
Armor: Skin              |    12 |     6 |    21 |    13 ||    52
Dodge: Dodged            |    20 |     8 |    68 |    96 ||   192

Table legend:
 A = Spawn XP
 B = Non-spawn XP
 C = Spawn XP percentage of total XP
 D = Spawn monster count
 E = Non-spawn monster count
 F = Spawn count percentage of total count
 G = Total turns spent on level
                    A         B        C        D         E        F      G
               +---------+---------+-------+---------+---------+-------+---------
         Total |       0 |   20460 |   0.0 |       0 |     107 |   0.0 |  3591
               +---------+---------+-------+---------+---------+-------+---------
             D |       0 |   20460 |   0.0 |       0 |     107 |   0.0 |  3591
               +---------+---------+-------+---------+---------+-------+---------
